 Dungeon Crawl Stone Soup version 0.30.1-11-g7821555f0a (console) character file.

Game seed: 14387231982601504507

371 JoeltCo the Cudgeller (level 6, -3/47 HPs)
             Began as a Mummy Fighter on Jan 9, 2024.
             Slain by a gnoll
             ... wielding a +0 spear
              (4 damage)
             ... on level 5 of the Dungeon.
             The game lasted 00:03:36 (2539 turns).

JoeltCo the Cudgeller (Mummy Fighter)               Turns: 2539, Time: 00:03:37

Health: -3/47      AC:  7    Str: 21    XL:     6   Next: 42%
Magic:  15/15      EV:  9    Int: 11    God:
Gold:   233        SH:  4    Dex: 12    Spells: 5/5 levels left

rFire   x . .        f - +6 whip {venom, Contam MP+9 Int+4}
rCold   + . .        c - +0 buckler
rNeg    + + +        b - +1 scale mail
rPois   ∞            (no helmet)
rElec   .            (no cloak)
rCorr   .            (no gloves)
SInv    .            (no boots)
Will    .....        (no amulet) Stlth
                     (no ring)
HPRegen 0.27/turn    (no ring)
MPRegen 0.14/turn

%: faith
@: no status effects
A: cold resistance 1, negative energy resistance 3, torment resistance 2, heat
vulnerability 1, in touch with death 1, no potions, faith
a: no special abilities


You were on level 5 of the Dungeon.
You visited 2 branches of the dungeon, and saw 7 of its levels.

You collected 233 gold pieces.

Inventory:

Hand Weapons
 f - the +6 whip "Wyquhurr" (weapon) {venom, Contam MP+9 Int+4}
   (You found it on level 2 of the Dungeon)

   Int:       It affects your intelligence (+4).
   MP:        It affects your magic capacity (+9).
   Contam:    It causes magical contamination when unequipped.
Armour
 b - a +1 scale mail (worn)
 c - a +0 buckler (worn)
Wands
 i - a wand of charming (13)
Scrolls
 d - 6 scrolls of identify
 e - a scroll of enchant weapon
 g - 2 scrolls of poison
 h - a scroll of brand weapon
 j - a scroll of amnesia {unknown}


   Skills:
 - Level 3.1 Fighting
 + Level 5.1 Maces & Flails
 - Level 1.7 Polearms
 - Level 2.5 Armour
 - Level 2.5 Shields


You had 5 spell levels left.
You didn't know any spells.
Your spell library was empty.

Dungeon Overview and Level Annotations

Branches:
Dungeon (6/15)             Temple (1/1) D:5

Altars:
Cheibriados
Fedhas
Gozag
Hepliaklqana
Makhleb
Okawaru
Trog
Uskayaw
Vehumet
Xom


Innate Abilities, Weirdness & Mutations

You are immune to poison.
Your flesh is cold resistant. (rC+)
You are immune to negative energy. (rN+++)
You are immune to unholy pain and torment.
You are vulnerable to heat. (rF-)
You are in touch with the powers of death.
You do not drink.
You have a special connection with the divine. (Faith)


Message History

You kill the ice beast!
A gnoll comes into view. It is wielding a +0 club.
Your Maces & Flails skill increases to level 5!
You have reached level 6!
The gnoll shouts!
The iguana bites you!
You hit the iguana.
The iguana is poisoned.
The iguana is lightly wounded.
The iguana closely misses you.
You whack the iguana!
The iguana looks as sick as possible!
The iguana is heavily wounded.
A gnoll comes into view. It is wielding a +0 club.
You block the iguana's attack.
You hit the iguana.
You kill the iguana!
The gnoll hits you with a +0 club. The gnoll hits you but does no damage.
The ogre hits you with a +0 giant club!
You are too injured to fight recklessly!
The gnoll attacks as you move away! The gnoll hits you with a +0 club.
You are too injured to fight recklessly!
You are too injured to fight recklessly!
As you read the scroll of torment, it crumbles to dust.
You feel a surge of unholy energy.
The gnoll convulses!
The ogre convulses!
The gnoll convulses! x2; You block the gnoll's attack.
The gnoll hits you from afar with a +0 spear!
* * * LOW HITPOINT WARNING * * *
You hit the gnoll.
The gnoll is severely wounded.
The gnoll hits you with a +0 club!
* * * LOW HITPOINT WARNING * * *
The gnoll hits you from afar with a +0 spear.
* * * LOW HITPOINT WARNING * * *
As you read the scroll of torment, it crumbles to dust.
You feel a surge of unholy energy.
The gnoll convulses!
The ogre convulses!
The gnoll convulses! x2; The gnoll hits you but does no damage.
The gnoll closely misses you.
You hit the gnoll.
You kill the gnoll!
The gnoll hits you from afar with a +0 spear.
You die...

.. #. .# ... ## .###..
##. ....##. # $. .......
####.#.#g......
.......Og......
#######.##)#
#.........@# .
#.##.##.#..###....
.######.##.##.#......#
...........##.#.#.......
#..8.8.8..#.#.#...##..
#...⌠.⌠...#.#.#.#.#
#..8.>)8).>...#.....
#...⌠.⌠.).####### ###
.....8.8.8...##
#..#..........####
#..####...........


You could see an ogre and 2 gnolls.

Vanquished Creatures
  A black bear (D:6)
  An ice beast (D:5)
  A hound (D:6)
  An iguana (D:5)
  8 gnolls
  2 adders
  A dart slug (D:3)
  2 orcs (D:3)
  5 bats
  6 endoplasms
  5 goblins
  5 hobgoblins (D:1)
  3 jackals (D:1)
  A quokka (D:1)
  2 ball pythons
  4 frilled lizards
  2 kobolds
  5 rats
55 creatures vanquished.

Notes
Turn   | Place    | Note
-------+----------+-------------------------------------------
     0 | D:1      | JoeltCo the Mummy Fighter began the quest for the Orb.
     0 | D:1      | Reached XP level 1. HP: 18/18 MP: 1/1
   118 | D:1      | Reached XP level 2. HP: 21/24 MP: 2/2
   140 | D:2      | Identified the +6 whip "Wyquhurr" {venom, Contam MP+9
                  | Int+4}
   511 | D:2      | Reached skill level 1 in Maces & Flails
   811 | D:3      | Gained mutation: You are in touch with the powers of death.
                  | [Mummy growth]
   811 | D:3      | Reached XP level 3. HP: 27/29 MP: 3/3
  1082 | D:3      | Reached skill level 2 in Maces & Flails
  1143 | D:3      | Reached XP level 4. HP: 14/35 MP: 4/4
  1693 | D:1      | Reached skill level 3 in Maces & Flails
  1945 | D:4      | You fall into a shaft and drop 2 floors!
  1980 | D:6      | Reached XP level 5. HP: 41/41 MP: 5/5
  2062 | D:6      | Noticed a black bear
  2072 | D:6      | Killed a black bear
  2073 | D:6      | Reached skill level 4 in Maces & Flails
  2144 | D:5      | Entered Level 5 of the Dungeon
  2144 | D:5      | Found a staircase to the Ecumenical Temple.
  2169 | Temple   | Entered the Ecumenical Temple
  2519 | D:5      | Noticed an ogre
  2519 | D:5      | Noticed an ice beast
  2529 | D:5      | Killed an ice beast
  2530 | D:5      | Reached skill level 5 in Maces & Flails
  2530 | D:5      | Reached XP level 6. HP: 40/47 MP: 6/6
  2537 | D:5      | HP: 2/47 [gnoll/+0 club (8)]
  2539 | D:5      | Slain by a gnoll

Illustrated notes

Levels and vault maps discovered:
D:1:      dpeg_arrival_arbitrary_c, layout_rooms
D:2:      layout_loops_ring, nrook_mini_vaults
D:3:      layout_basic, kennysheep_generic_room_7
D:4:      layout_loops_cross, lemuel_crystal_altar, serial_shops,
          nicolae_shop_real_fake_doors, chequers_serial_rivers_marsh
D:5:      layout_loops_cross, nzn_wu_jian_contemplation,
          minmay_temple_entry_statues_fountains
D:6:      layout_basic, nicolae_sif_muna_little_library
Temple:   oiseaux_autumnal_temple

Skill      XL: |  1  2  3  4  5 |
---------------+----------------+-----
Maces & Flails | 1 2 3 5 |  5.1
Fighting       | |  3.1
Polearms       | |  1.7
Armour         | |  2.5
Shields        | |  2.5

Action                     |  1- 3 |  4- 6 || total
---------------------------+-------+-------++-------
  Melee: Trident           |    13 |       ||    13
         Whip              |    47 |    66 ||   113
    Use: Scroll            |     6 |     5 ||    11
 Armour: Scale mail        |    21 |    16 ||    37
  Dodge: Dodged            |    22 |    26 ||    48
  Block: Buckler           |    11 |     9 ||    20
